Map: Data-C

Players

Aspera

  • Race: Zerg Zerg
  • Spawn Location: 3:00

Elazer - Winner!

  • Race: Zerg Zerg
  • Spawn Location: 9:00

Event: DreamHack SC2 Masters 2022 Atlanta (Offline)

VOD

Have the link to the VOD?

Description

Time

  • Played on: Nov. 18, 2022, 9:47 a.m.
  • Length: 6:16

All games in this series

Show
View Real Time Build Order
Export as new Build Order

Aspera Zerg 

Build Orders: Hatch First 

Get SALT Encoding   

  12  0:00  Drone  
  13  0:14  Overlord  
  13  0:16  Drone  
  14  0:34  Drone x2  
  16  0:49  Hatchery  
  15  0:52  Drone  
  15  0:56  Drone  
  17  1:11  Spawning Pool  
  16  1:13  Drone  
  16  1:18  Drone, Extractor  
  17  1:21  Drone  
  18  1:30  Drone  
  19  1:41  Drone  
  20  1:51  Drone  
  21  2:01  Queen  
  21  2:02  Queen  
  21  2:03  Overlord  
  21  2:04  Drone  
  26  2:13  Drone x2  
  28  2:24  Drone  
  28  2:25  Drone  
  28  2:27  Extractor  
  29  2:34  Drone x2  
  31  2:42  Lair, Queen  
  33  2:47  Drone  
  34  2:56  Overlord  
  34  3:03  Drone, Roach Warren, Evolution Chamber  
  33  3:08  Overlord  
  33  3:23  Queen, Drone x3  
  33  3:25  Overlord  
  38  3:32  Zerg Missile Weapons Level 1  
  38  3:38  Overlord  
  38  3:44  Overlord  
  38  3:49  Roach x2  
  38  3:51  Roach  
  38  3:55  Zergling x4  
  46  3:59  Zergling x2  
  40  4:03  Roach  
  39  4:15  Zergling x6  
  40  4:28  Glial Reconstitution  
  39  4:44  Roach x3  
  45  4:50  Roach  
  47  4:55  Roach  
  48  5:00  Evolution Chamber  
  49  5:07  Roach x2  
  51  5:15  Queen  
  53  5:24  Queen  
  55  5:41  Roach x5  
  65  5:49  Evolution Chamber  
  64  6:03  Evolution Chamber  
Show
View Real Time Build Order
Export as new Build Order

Elazer Zerg - Winner!

Build Orders: Hatch First 

Get SALT Encoding   

  12  0:00  Drone  
  13  0:11  Overlord  
  13  0:16  Drone  
  14  0:30  Drone x2  
  16  0:48  Hatchery  
  15  0:51  Drone  
  15  0:54  Drone  
  17  0:57  Drone  
  18  1:09  Extractor  
  17  1:13  Spawning Pool  
  17  1:16  Drone  
  17  1:19  Drone  
  18  1:27  Drone  
  19  1:38  Drone  
  20  1:48  Drone  
  21  1:59  Queen  
  21  2:00  Zergling x2, Queen  
  26  2:02  Overlord  
  26  2:09  Metabolic Boost  
  26  2:10  Drone x2  
  28  2:21  Drone x2  
  30  2:33  Hatchery  
  30  2:36  Drone  
  30  2:38  Drone  
  30  2:43  Overlord  
  31  2:46  Drone  
  32  2:53  Drone x2  
  34  3:09  Zergling x8  
  34  3:10  Zergling x8  
  42  3:13  Queen  
  42  3:18  Overlord  
  44  3:31  Lair  
  44  3:38  Drone x4  
  44  3:41  Overlord  
  48  3:42  Drone x3  
  48  3:44  Drone  
  51  3:52  Drone x3  
  52  3:56  Roach Warren  
  52  3:59  Drone x2  
  52  4:02  Drone  
  53  4:06  Extractor  
  53  4:07  Extractor  
  53  4:08  Overlord  
  49  4:17  Zergling x2  
  49  4:18  Zergling x12  
  49  4:24  Zergling x8  
  56  4:28  Overlord  
  57  4:36  Glial Reconstitution  
  57  4:37  Roach x3  
  63  4:44  Roach x3  
  69  4:48  Roach  
  71  4:58  Overlord x2  
  71  4:59  Roach x2  
  75  5:02  Drone  
  75  5:06  Drone x3  
  79  5:13  Overseer  
  79  5:14  Drone x3  
  79  5:16  Extractor  
  81  5:23  Roach x4  
  89  5:28  Drone x3  
  89  5:30  Roach  
  89  5:32  Overlord  
  94  5:40  Ravager x3  
  94  5:41  Ravager  
  98  5:47  Overlord x2  
  97  5:51  Roach x3, Spine Crawler  
  97  5:54  Roach  
Tags
 
Add a new tag
Caveats
  • Supply blocks, unpowered buildings, or Contaminate may cause inaccurate times.
  • Supply counts are checked every 10 seconds.